 Dungeon Sprint DCSS version 0.31-a0-75-g6fe912e8c5 (webtiles) character file.

Game seed: 17882982922750490955

2 sircluck the Ruffian (level 1, -9/33 HPs)
             Began as a Troll Berserker on May 23, 2023.
             Was a Follower of Trog.
             Mangled by an orc warrior
             ... wielding a +0 trident
             ... led by an orc high priest
              (10 damage)
             ... in the Dungeon (Sprint VII: "The Pits").
             The game lasted 00:00:11 (25 turns).

sircluck the Ruffian (Troll Berserker)                Turns: 25, Time: 00:00:11

Health: -9/33      AC:  4    Str: 24    XL:     1   Next: 25%
Magic:  0/0        EV: 10    Int:  3    God:    Trog [*.....]
Gold:   0          SH:  0    Dex:  9    Spells: 0/0 levels left

rFire   . .          .
                       - Unarmed
rCold   . . .        (no shield)
rNeg    . . .        a - +0 animal skin
rPois   .            (helmet restricted)
rElec   .            (no cloak)
rCorr   .            (gloves unavailable)
SInv    .            (boots unavailable)
Will    .....        (no amulet) Stlth
                     (no ring)
HPRegen 1.05/turn    (no ring)
MPRegen 0.07/turn

%: no teleportation
@: berserking, very quick
A: large, unfitting armour, claws 3, regeneration 1, shaggy fur 1, tough skin 1
a: Renounce Religion, Berserk


You were in the Dungeon.
You worshipped Trog.
Trog was aware of your devotion.
You visited 1 branch

Inventory:

Armour
 a - a +0 animal skin (worn)
Scrolls
 g - a scroll of blinking
Potions
 b - a potion of curing
 c - a potion of heal wounds
 d - a potion of haste
 e - 2 potions of magic
 f - a potion of berserk rage


   Skills:
 + Level 2.7 Fighting
 + Level 2.7 Dodging
 + Level 3.3 Unarmed Combat


You couldn't memorise any spells.
You didn't know any spells.
Your spell library was empty.

Dungeon Overview and Level Annotations

Branches:
Dungeon (1/1)

Altars:


Innate Abilities, Weirdness & Mutations

You are too large for most types of armour.
You have claws for hands.
Your natural rate of healing is unusually fast.
You are covered in fur. (AC +1)
You have tough skin. (AC +1)


Message History

You open the large door.
A phantom, a warg, 7 orcs and a small abomination come into view.
An orc wizard is wielding a +0 dagger and wearing a +1 robe of the Archmagi.
The orc high priest shouts!
The orc shouts!
The warg howls!
The orc warrior shouts!
The orc shouts!
The orc wizard shouts!
You closely miss the orc. You barely miss the orc.
The orc hits you with a +0 mace.
The orc high priest prays to Beogh.
Unknown command.
Unknown command.
A red film seems to cover your vision as you go berserk!
You feel yourself moving faster!
You feel mighty! The orc barely misses you.
The orc high priest mumbles some strange prayers to Beogh.
The phantom closely misses you.
You barely miss the orc. The phantom hits you.
Unknown command.
You scratch the orc.
The orc is severely wounded.
The warg barely misses you. The orc closely misses you.
The phantom closely misses you.
You barely miss the orc.
The orc is severely wounded.
The warg barely misses you.
You claw the orc!
You kill the orc!
Trog accepts your kill. The smoke demon gestures at you. Beogh smites you!
The orc warrior barely misses you.
The orc wizard casts a spell.
The orc wizard flickers and vanishes!
Deactivating autopickup; reactivate with Ctrl-A.
The phantom hits you!
* * * LOW HITPOINT WARNING * * *
Unknown command.
Unknown command.
Unknown command.
You barely miss the phantom. The warg barely misses you. The phantom hits you.
* * * LOW HITPOINT WARNING * * *
The orc warrior hits you from afar with a +0 trident!
You die...

#................+
+................+
#......#..#......#
#................#
####'#####''######
#.......##''#####
#.......##......#
#.......##......#
#...<...###.@).##
#.......# ##hW##
#.......#


o3oo# #.......# 4o{x..# ##########.o3...+ #......# ##....## ##++## You could see
an orc high priest, a hellwing (summoned), a smoke demon (summoned), a ynoxinul
(summoned), a warg, an orc warrior, a small abomination, a phantom, an orc
wizard and 2 orcs.

Vanquished Creatures
  An orc (D)
1 creature vanquished.

Notes
Turn   | Place    | Note
-------+----------+-------------------------------------------
     0 | D        | sircluck the Troll Berserker began the quest for the Orb.
     0 | D        | Reached XP level 1. HP: 22/22 MP: 0/0
    17 | D        | Noticed a phantom
    17 | D        | Noticed an orc high priest
    17 | D        | Noticed an orc wizard
    17 | D        | Noticed an orc warrior
    17 | D        | Noticed a warg
    17 | D        | Noticed an orc wizard
    17 | D        | Noticed a small abomination
    20 | D        | Noticed a smoke demon
    21 | D        | Noticed a hellwing
    21 | D        | Noticed a ynoxinul
    25 | D        | HP: 1/33 [phantom (6)]
    25 | D        | Mangled by an orc warrior

Illustrated notes

Levels and vault maps discovered:
D:        pitsprint [storerooms_1, entrance_room_1, metal_vault_2, armoury_1,
          mini_pit_1, grid_room_1, main_hall_1, silver_pit, the_coven_1,
          the_vestibule_1, steel_vault_1, golden_pit, hallway_of_sentries,
          crystal_vault_2, iron_vault_2, final_vault]

Action                     || total
---------------------------++-------
  Melee: Unarmed           ||     7
 Invoke: Berserk           ||     1
  Dodge: Dodged            ||     8

Table legend: (Time is in decaauts)
 A = Elapsed time spent in this place.
 B = Non-inter-level travel time spent in this place.
 C = Inter-level travel time spent in this place.
 D = Time resting spent in this place.
 E = Time spent auto-exploring this place.
 F = Levels seen in this place.
 G = Mean time per level.
                   A        B        C        D        E       F      G
               +--------+--------+--------+--------+--------+-----+--------+
         Total |     23 |     23 |      0 |      0 |     17 |   1 |   23.0 |
       Dungeon |     23 |     23 |      0 |      0 |     17 |   1 |   23.0 |
               +--------+--------+--------+--------+--------+-----+--------+

Top non-repeatable levels by time:
       D: 23 daAuts
